Map: [ESL] Inside and Out

Players

HeroMarine - Winner!

  • Race: Terran Terran
  • Spawn Location: 1:00

Zoun

  • Race: Protoss Protoss
  • Spawn Location: 7:00

Event: DreamHack SC2 Masters 2022 Atlanta (Offline)

VOD

Have the link to the VOD?

Description

Time

  • Played on: Nov. 18, 2022, 7:33 p.m.
  • Length: 6:36

All games in this series

Show
View Real Time Build Order
Export as new Build Order

HeroMarine Terran - Winner!

Build Orders:  

Get SALT Encoding   

  12  0:00  SCV  
  13  0:12  SCV  
  14  0:17  Supply Depot  
  14  0:24  SCV  
  15  0:38  SCV  
  15  0:39  Barracks  
  15  0:42  Refinery  
  16  0:50  SCV  
  16  0:52  Refinery  
  17  1:02  SCV  
  18  1:14  SCV  
  18  1:17  Supply Depot  
  19  1:26  Reaper  
  19  1:28  Orbital Command  
  20  1:41  Factory  
  20  1:54  SCV  
  20  1:58  Reaper  
  22  2:06  SCV  
  23  2:17  Command Center  
  23  2:20  SCV  
  24  2:25  Hellion  
  26  2:30  Reaper  
  26  2:32  SCV  
  26  2:36  Supply Depot  
  28  2:44  SCV  
  28  2:46  Hellion  
  31  2:52  Barracks  
  31  2:58  SCV  
  32  3:03  Barracks Reactor  
  32  3:07  Factory Tech Lab  
  32  3:10  SCV  
  32  3:12  Barracks  
  33  3:22  SCV  
  38  3:37  SCV  
  38  3:38  Orbital Command  
  38  3:43  Barracks Tech Lab  
  38  3:46  Siege Tank, Marine x2  
  40  3:50  SCV  
  41  3:59  Barracks Tech Lab  
  41  4:01  Stimpack  
  41  4:02  SCV, Marauder  
  44  4:04  SCV, Marine x2  
  44  4:08  Supply Depot  
  47  4:14  SCV  
  48  4:18  SCV, Siege Tank  
  48  4:22  Combat Shield  
  48  4:23  Marine x2  
  54  4:29  SCV, Marine x2  
  57  4:34  Supply Depot  
  57  4:35  Supply Depot  
  54  4:48  Marauder  
  54  4:49  Marauder, Marine x2  
  54  4:50  Siege Tank  
  62  4:52  Supply Depot  
  62  4:55  SCV x2  
  62  4:59  Supply Depot  
  64  5:08  Marine x2  
  64  5:09  Marauder  
  64  5:10  Marauder  
  69  5:17  SCV x2  
  69  5:18  Engineering Bay  
  71  5:23  Siege Tank  
  74  5:29  SCV  
  74  5:33  Marauder x2  
  74  5:34  Marine  
  80  5:36  Marine  
  80  5:39  SCV  
  80  5:41  SCV  
  82  5:52  Marine  
  82  5:53  Marine  
  82  5:54  SCV, Marauder x2  
  82  5:55  SCV  
  81  6:09  Marine  
  81  6:10  Bunker  
  84  6:11  Marine  
  84  6:14  SCV  
  84  6:15  SCV  
  84  6:16  Bunker  
  84  6:18  Bunker  
  83  6:22  Bunker  
Show
View Real Time Build Order
Export as new Build Order

Zoun Protoss 

Build Orders: 1 Gate Expand, Blink Stalkers 

Get SALT Encoding   

  12  0:00  Probe  
  13  0:12  Probe  
  14  0:16  Pylon  
  14  0:24  Probe (Chrono Boost)  
  16  0:36  Gateway, Probe (Chrono Boost)  
  16  0:43  Probe (Chrono Boost)  
  16  0:45  Assimilator  
  17  0:50  Probe  
  18  1:03  Probe  
  19  1:15  Probe  
  20  1:23  Cybernetics Core  
  20  1:33  Nexus  
  20  1:35  Probe  
  21  1:42  Pylon  
  21  1:47  Probe  
  21  1:50  Assimilator  
  22  1:57  Adept (Chrono Boost)  
  22  1:59  Probe  
  25  2:04  Warp Gate  
  24  2:11  Probe  
  25  2:20  Twilight Council  
  25  2:24  Probe  
  25  2:27  Stalker  
  28  2:35  Shield Battery  
  28  2:36  Probe  
  29  2:45  Probe  
  29  2:48  Probe, Blink (Chrono Boost)  
  31  2:58  Probe  
  32  3:01  Probe  
  32  3:04  Stalker  
  35  3:10  Probe  
  36  3:13  Probe  
  36  3:19  Gateway  
  37  3:22  Probe  
  38  3:27  Robotics Facility  
  38  3:32  Probe  
  39  3:36  Probe  
  40  3:44  Probe  
  41  3:48  Probe  
  41  3:49  Pylon  
  41  3:53  Stalker  
  44  3:56  Probe, Gateway  
  44  4:00  Probe  
  46  4:08  Probe  
  46  4:09  Pylon  
  47  4:11  Warp Prism (Chrono Boost)  
  47  4:12  Probe  
  47  4:13  Stalker  
  52  4:19  Stalker  
  54  4:36  Nexus  
  54  4:40  Pylon  
  54  4:41  Observer, Stalker  
  54  4:45  Probe  
  58  4:47  Probe  
  59  4:57  Charge (Chrono Boost), Probe, Pylon  
  60  5:01  Gateway  
  60  5:08  Gateway  
  60  5:10  Gateway  
  60  5:14  Probe  
  61  5:22  Gateway  
  61  5:23  Gateway  
  61  5:24  Probe  
  61  5:26  Probe  
  63  5:34  Zealot x2  
  63  5:35  Zealot  
  69  5:41  Shield Battery  
  73  5:58  Stalker x3  
  79  6:05  Zealot x2  
  79  6:08  Pylon  
  79  6:09  Zealot x2  
  81  6:17  Zealot x2  
  85  6:23  Pylon  
  85  6:26  Pylon  
Tags
 
Add a new tag
Caveats
  • Supply blocks, unpowered buildings, or Contaminate may cause inaccurate times.
  • Supply counts are checked every 10 seconds.